 Dungeon Crawl Stone Soup version 0.31.0-12-g77e489cdc1 (webtiles) character file.

Game seed: 15351047532279029568

6253 Gogs the Severer (level 10, -11/90 HPs)
             Began as a Hill Orc Fighter on Feb 20, 2024.
             Was a Follower of Makhleb.
             Mangled by a two-headed ogre
             ... wielding a +0 giant club
              (25 damage)
             ... on level 11 of the Dungeon on Mar 2, 2024.
             The game lasted 00:43:11 (11093 turns).

Gogs the Severer (Hill Orc Fighter)                Turns: 11093, Time: 00:43:12

Health: -11/90     AC: 12    Str: 24    XL:     10   Next: 93%
Magic:  12/12      EV:  8    Int:  8    God:    Makhleb [*.....]
Gold:   470        SH:  5    Dex: 10    Spells: 9/9 levels left

rFire   . . .        a - +0 broad axe
rCold   . . .        c - +0 buckler
rNeg    . . .        F - +0 chain mail
rPois   .            O - +2 hat
rElec   .            (no cloak)
rCorr   +            (no gloves)
SInv    .            (no boots)
Will    +....        (no amulet) Stlth
                     l - ring of resist corrosion
HPRegen 0.35/turn    C - ring of willpower
MPRegen 0.13/turn

%: no passive effects
@: mighty
A: no striking features
a: Renounce Religion


You were on level 11 of the Dungeon.
You worshipped Makhleb.
Makhleb was aware of your devotion.
You visited 2 branches of the dungeon, and saw 12 of its levels.
You also visited: Ossuary.

You collected 662 gold pieces.
You spent 192 gold pieces at shops.

Inventory:

Hand Weapons
 a - a +0 broad axe (weapon)
 b - a +0 morningstar
 w - a +0 sling
Missiles
 f - 16 poisoned darts (quivered)
 g - 13 boomerangs
 i - 91 stones
 n - 4 javelins
Armour
 c - a +0 buckler (worn)
 F - a +0 chain mail (worn)
 O - a +2 hat (worn)
Jewellery
 l - a ring of resist corrosion (left hand)
 v - a +6 ring of intelligence
 x - a ring of wizardry
 y - an amulet of regeneration
 C - a ring of willpower (right hand)
 J - a ring of willpower
Talismans
 p - a serpent talisman
 G - a beast talisman
Wands
 d - a wand of flame (38)
 L - a wand of mindburst (15)
 N - a wand of light (16)
Scrolls
 s - 4 scrolls of amnesia
 t - 3 scrolls of teleportation
 A - 2 scrolls of fear
 B - 2 scrolls of enchant armour
 E - 2 scrolls of poison
Potions
 e - a potion of heal wounds
 h - a potion of haste
 j - 2 potions of mutation
 k - 2 potions of attraction
 m - 6 potions of curing
 o - a potion of invisibility
 q - a potion of enlightenment
 r - 2 potions of brilliance
 u - 2 potions of cancellation
 z - a potion of berserk rage
 D - a potion of magic
 H - a potion of resistance
 K - 2 potions of degeneration {unknown}


   Skills:
 - Level 8.6 Fighting
 * Level 16.1 Axes
 - Level 7.9 Armour
 - Level 5.2 Shields
 - Level 2.9 Invocations


You had 9 spell levels left.
You didn't know any spells.
Your spell library contained the following spells:

 Spells                   Type           Power      Damage    Failure   Level
 Summon Small Mammal      Summ           0%         N/A       94%         1
 Blink                    Tloc           0%         N/A       98%         2
 Lesser Beckoning         Tloc           0%         N/A       98%         2
 Mercury Vapours          Alch/Air       0%         N/A       98%         2
 Momentum Strike          Conj/Tloc      0%         3d8       98%         2
 Call Canine Familiar     Summ           0%         N/A       100%        3
 Gell's Gravitas          Tloc           0%         N/A       100%        3
 Mephitic Cloud           Conj/Alch/Air  0%         N/A       100%        3
 Ozocubu's Armour         Ice            0%         N/A       100%        3
 Teleport Other           Tloc           0%         N/A       100%        3
 Tukima's Dance           Hex            0%         N/A       100%        3
 Dimensional Bullseye     Hex/Tloc       0%         N/A       100%        4
 Iskenderun's Mystic Bla  Conj/Tloc      0%         2d3       100%        4
 Summon Blazeheart Golem  Fire/Summ      0%         N/A       100%        4
 Freezing Cloud           Conj/Ice/Air   0%         6-21      100%        5
 Metabolic Englaciation   Hex/Ice        0%         N/A       100%        5
 Dispersal                Tloc           0%         N/A       100%        6
 Sculpt Simulacrum        Ice/Alch       0%         N/A       100%        6


Dungeon Overview and Level Annotations

Branches:
Dungeon (11/15)            Temple (1/1) D:7            Lair (0/5) D:9
Ossuary (visited)
    Orc: D:9-12

Altars:
Ashenzari
Cheibriados
Dithmenos
Elyvilon
Fedhas
Gozag
Hepliaklqana
Kikubaaqudgha
Makhleb
Nemelex Xobeh
Okawaru
Qazlal
Ru
Sif Muna
Trog
Uskayaw
Vehumet
Wu Jian
Xom
Yredelemnul
Zin
The Shining One

Shops:
D:7 =   D:9 !


Message History

You slash the wraith!
You destroy the wraith!
Makhleb accepts your kill.
Your Axes skill increases to level 16!
No target in view!
No target in view!
No target in view!
You feel yourself speed up.
A two-headed ogre comes into view. It is wielding two +0 giant clubs.
You see here a scroll of revelation.
You see here a scroll of revelation.
The two-headed ogre hits you with a +0 giant club!
The two-headed ogre barely misses you.
You slash the two-headed ogre!
The two-headed ogre is moderately wounded.
The two-headed ogre barely misses you.
The two-headed ogre hits you with a +0 giant club!
You hit the two-headed ogre.
The two-headed ogre is moderately wounded.
You barely miss the two-headed ogre.
The two-headed ogre is moderately wounded.
The two-headed ogre hits you with a +0 giant club!!
The two-headed ogre hits you with a +0 giant club.
You feel very mighty all of a sudden.
You slice the two-headed ogre!!
The two-headed ogre is severely wounded.
You block the two-headed ogre's attack.
The two-headed ogre hits you with a +0 giant club!
* * * LOW HITPOINT WARNING * * *
You closely miss the two-headed ogre.
The two-headed ogre is severely wounded.
You barely miss the two-headed ogre.
The two-headed ogre is severely wounded.
The two-headed ogre hits you with a +0 giant club!
* * * LOW HITPOINT WARNING * * *
The two-headed ogre barely misses you.
You slash the two-headed ogre!
The two-headed ogre is almost dead.
The two-headed ogre hits you with a +0 giant club!!
You die...

#...... .......###
.......... ........
.........# .......
..........+ ......
..........# .....#
#......O.# .....#
#......@.#####. .....#
#......?....... .....#
#..............
..<..#####..............
........................
############............
#............
#............
#....###.....


You could see a two-headed ogre.

Vanquished Creatures
  A hydra (D:9)
  Jeremiah (D:7)
  A troll (D:10)
  A shadow (D:10)
  A wraith (D:11)
  Eustachio (D:5)
  A steam dragon (D:8)
  3 vampire mosquitoes (D:10)
  3 water moccasins
  2 orc warriors
  An ice beast (D:6)
  A sky beast (D:6)
  2 centaurs
  2 wolves
  A phantom (D:5)
  A kobold brigand (D:9)
  4 bullfrogs
  A scorpion (D:5)
  A gnoll sergeant (D:8)
  17 wights
  5 killer bees (D:9)
  11 howler monkeys
  2 centaur zombies (Ossuary)
  A jelly (D:5)
  A human zombie (Ossuary)
  2 hounds
  2 orc priests
  A gnoll bouda (D:7)
  A sleepcap (D:6)
  12 orc wizards
  3 ogre zombies (Ossuary)
  7 mummies (Ossuary)
  15 gnolls
  11 adders
  A white imp (D:6)
  4 ufetubi
  7 adder zombies (Ossuary)
  2 dart slugs
  2 ribbon worms
  23 orcs
  8 ball pythons
  3 bats
  7 endoplasms
  5 giant cockroaches
  A gnoll zombie (Ossuary)
  8 goblins
  11 hobgoblins
  11 kobolds
  4 quokkas
  7 frilled lizards
  3 goblin zombies (Ossuary)
  4 hobgoblin zombies (Ossuary)
  A kobold zombie (Ossuary)
  An orc zombie (Ossuary)
  6 quokka zombies (Ossuary)
  7 rats
  A rat zombie (Ossuary)
247 creatures vanquished.

Notes
Turn   | Place    | Note
-------+----------+-------------------------------------------
     0 | D:1      | Gogs the Hill Orc Fighter began the quest for the Orb.
     0 | D:1      | Reached XP level 1. HP: 19/19 MP: 1/1
    85 | D:1      | Reached skill level 3 in Axes
   102 | D:1      | Reached XP level 2. HP: 27/27 MP: 2/2
   134 | D:1      | Found a faded altar of an unknown god.
   328 | D:1      | Reached XP level 3. HP: 28/33 MP: 3/3
  1097 | D:2      | Found an ornate altar of the Wu Jian Council.
  1139 | D:2      | Reached skill level 4 in Axes
  1139 | D:2      | Reached XP level 4. HP: 22/40 MP: 4/4
  1473 | D:3      | Identified the +3 ring mail "Baotobo" {rElec rC+}
  1670 | D:3      | Reached XP level 5. HP: 23/47 MP: 5/5
  1944 | D:3      | Reached skill level 5 in Axes
  2182 | D:4      | Found a shimmering blue altar of Sif Muna.
  2196 | D:4      | Found a hide-covered altar of Uskayaw.
  2400 | D:4      | Reached XP level 6. HP: 29/53 MP: 6/6
  3117 | D:5      | Entered Level 5 of the Dungeon
  3120 | D:5      | Noticed Eustachio
  3138 | D:5      | Killed Eustachio
  3139 | D:5      | Reached skill level 5 in Fighting
  3139 | D:5      | Reached skill level 6 in Axes
  3139 | D:5      | Reached XP level 7. HP: 41/61 MP: 7/7
  3568 | D:5      | Found a sand-covered staircase.
  3577 | Ossuary  | Entered an ossuary
  3606 | Ossuary  | Reached skill level 5 in Armour
  3715 | Ossuary  | Reached skill level 5 in Shields
  3752 | Ossuary  | Reached skill level 7 in Axes
  4241 | D:5      | Reached XP level 8. HP: 70/70 MP: 8/8
  4445 | D:5      | Found a sacrificial altar of Ru.
  4460 | D:5      | Reached skill level 8 in Axes
  4927 | D:5      | Found a stormy altar of Qazlal.
  5312 | D:6      | You fall into a shaft and drop 1 floor!
  5313 | D:7      | Noticed Jeremiah
  5356 | D:7      | Reached skill level 9 in Axes
  5812 | D:6      | Found a radiant altar of Vehumet.
  6224 | D:7      | Found Tuta's Jewellery Emporium.
  6271 | D:7      | Killed Jeremiah
  6272 | D:7      | Reached skill level 10 in Axes
  6272 | D:7      | Reached XP level 9. HP: 10/79 MP: 9/9
  6607 | D:7      | Reached skill level 11 in Axes
  7004 | D:7      | Found a staircase to the Ecumenical Temple.
  7049 | Temple   | Entered the Ecumenical Temple
  7127 | Temple   | Became a worshipper of Makhleb the Destroyer
  7455 | D:8      | Found a snail-covered altar of Cheibriados.
  7532 | D:8      | Reached skill level 1 in Invocations
  7939 | D:8      | Reached skill level 12 in Axes
  8156 | D:8      | Reached XP level 10. HP: 90/90 MP: 12/12
  8370 | D:8      | Found a shimmering altar of Xom.
  8370 | D:8      | Found an ancient bone altar of Kikubaaqudgha.
  8938 | D:8      | Reached skill level 13 in Axes
  9100 | D:9      | Found Docui's Distillery.
  9103 | D:9      | Bought a potion of curing for 36 gold pieces
  9103 | D:9      | Bought a potion of resistance for 120 gold pieces
  9103 | D:9      | Bought a potion of curing for 36 gold pieces
  9179 | D:9      | Reached * piety under Makhleb
  9436 | D:9      | Found a staircase to the Lair.
  9555 | D:9      | Reached skill level 14 in Axes
  9924 | D:10     | Entered Level 10 of the Dungeon
  9970 | D:10     | Noticed a five-headed hydra
  9987 | D:9      | HP: 4/132 [five-headed hydra (7)]
  9988 | D:9      | Killed a five-headed hydra
 10472 | D:10     | Reached skill level 15 in Axes
 10679 | D:10     | Found a shadowy altar of Dithmenos.
 10826 | D:10     | Noticed a two-headed ogre
 11044 | D:11     | Noticed a two-headed ogre
 11080 | D:11     | Reached skill level 16 in Axes
 11081 | D:11     | Noticed a two-headed ogre
 11093 | D:11     | Mangled by a two-headed ogre

Illustrated notes

Levels and vault maps discovered:
D:1:      amcnicky_arrival_gap_in_the_tavern_cellar, layout_basic,
          ebering_ecumenical_altar_abandoned
D:2:      layout_loops_cross, basic_altar
D:3:      layout_rooms
D:4:      layout_gridville, mainiacjoe_overflow_swirl, minivault_11
D:5:      layout_loops_ring, nicolae_ru_sacrificial_ziggurat, marbit_many_paths,
          mainiacjoe_ossuary_entry_dusty_tomb, uniq_eustachio
D:6:      layout_basic, vehumet_altar_wand_db
D:7:      layout_rooms, temple_doors_e, serial_shops, shop, enter_bailey_5,
          grunt_decor_mini_mirrors, uniq_jeremiah
D:8:      layout_basic, amcnicky_altar_gilded, gammafunk_temple_overflow_wave,
          bh_walls_and_bars
D:9:      layout_irregular_city, erik_lair_orcish_takeover, serial_shops,
          nicolae_shop_real_fake_doors, serial_column_ruins, column_ruins_hut,
          column_ruins_open_medium, column_ruins_open_tiny, column_ruins_grid_1,
          column_ruins_grid_1, column_ruins_open_small_water,
          hangedman_decor_riveting
D:10:     layout_roguey, grunt_dithmenos_shadows
D:11:     layout_irregular_city, serial_shops, shop, uniq_psyche
Temple:   nicolae_temple_bog_church

Skill      XL: |  1  2  3  4  5  6  7  8  9 10 |
---------------+-------------------------------+-----
Axes           | 3 4 5 6 7 10 12 16 | 16.1
Fighting       | 4 5 7 8 |  8.6
Armour         | 4 5 6 7 |  7.9
Shields        | 4 5 |  5.2
Invocations    | 2 |  2.9

Action                     |  1- 3 |  4- 6 |  7- 9 | 10-12 || total
---------------------------+-------+-------+-------+-------++-------
  Melee: War axe           |   116 |   160 |   304 |       ||   580
         Broad axe         |       |       |    67 |   186 ||   253
         Morningstar       |       |       |       |     8 ||     8
   Fire: Sling             |     1 |       |       |       ||     1
  Throw: Dart              |       |     2 |       |       ||     2
    Use: Scroll            |     2 |     8 |    13 |     3 ||    26
         Potion            |       |     1 |     1 |     2 ||     4
 Armour: Scale mail        |    95 |    18 |       |       ||   113
         Ring mail         |       |   106 |   198 |       ||   304
         Chain mail        |       |       |    54 |   204 ||   258
  Dodge: Dodged            |    47 |    83 |   152 |    87 ||   369
  Block: Buckler           |    29 |    47 |    83 |    62 ||   221
